 Dungeon Crawl Stone Soup version 0.31-a0-237-g2d982f9f85 (webtiles) character file.

Game seed: 17588486874996993788

91 qw the Shooter (level 4, 0/36 HPs)
             Began as a Minotaur Hexslinger on July 11, 2023.
             Succumbed to a scorpion's poison
             ... on level 4 of the Dungeon.
             The game lasted 00:00:56 (1956 turns).

qw the Shooter (Minotaur Hexslinger)                Turns: 1956, Time: 00:00:56

Health: 0/36       AC:  3    Str: 12    XL:     4   Next: 33%
Magic:  4/4        EV: 12    Int: 10    God:
Gold:   183        SH:  0    Dex: 15    Spells: 4/5 levels left

rFire   . . .        Y - +1 sling
rCold   . . .        (no shield)
rNeg    . . .        d - +0 leather armour
rPois   .            (helmet restricted)
rElec   .            (no cloak)
rCorr   .            (no gloves)
SInv    .            (no boots)
Will    .....        e - amulet of regeneration
Stlth   +            (no ring)
HPRegen 1.06/turn    (no ring)
MPRegen 0.09/turn

%: no passive effects
@: lethally poisoned (0 -> -6)
A: horns 2, retaliatory headbutt
a: no special abilities


You were on level 4 of the Dungeon.
You visited 1 branch of the dungeon, and saw 4 of its levels.

You collected 183 gold pieces.


Innate Abilities, Weirdness & Mutations

You have a pair of horns on your head.
You reflexively headbutt those who attack you in melee.


   Skills:
 - Level 2.0 Fighting
 + Level 4.9 Ranged Weapons
 - Level 2.1 Dodging
 - Level 1.0 Spellcasting
 - Level 2.0 Hexes


You had 4 spell levels left.
You knew the following spells:

 Your Spells              Type           Power      Damage    Failure   Level
a - Slow                  Hex            16%        N/A       19%         1

Your spell library contained the following spells:

 Spells                   Type           Power      Damage    Failure   Level
 Inner Flame              Hex/Fire       2%         N/A       65%         3
 Portal Projectile        Hex/Tloc       4%         N/A       65%         3
 Cause Fear               Hex            2%         N/A       88%         4

Inventory:

Hand Weapons
 Y - a +1 sling (weapon)
Armour
 d - a +0 leather armour (worn)
Jewellery
 e - an amulet of regeneration (around neck)
Scrolls
 a - a scroll of identify
Potions
 b - a potion of curing {unknown}
 c - a potion of attraction {unknown}
 h - a potion of ambrosia {unknown}
 i - a potion of cancellation {unknown}

Dungeon Overview and Level Annotations

Branches:
Dungeon (4/15)
 Temple: D:4-7

Altars:
Xom


Message History

You shoot a sling bullet.
The sling bullet hits the scorpion but does no damage.
You shoot a sling bullet. The sling bullet hits the scorpion.
The scorpion is lightly wounded.
You shoot a sling bullet.
The sling bullet closely misses the scorpion.
You shoot a sling bullet.
The sling bullet barely misses the scorpion.
The scorpion stings you.
You are poisoned.
The scorpion poisons you! The scorpion barely misses you.
A worm comes into view.
You shoot a sling bullet. The sling bullet hits the scorpion.
The scorpion is moderately wounded.
You feel very sick.
The scorpion stings you but does no damage.
You shoot a sling bullet.
The sling bullet barely misses the scorpion.
You feel very sick. The scorpion stings you.
You are more poisoned.
The scorpion poisons you! The scorpion misses you.
You shoot a sling bullet. The sling bullet hits the scorpion.
The scorpion is heavily wounded.
You feel very sick. The scorpion stings you. The worm bites you.
You shoot a sling bullet. The sling bullet hits the scorpion.
The scorpion is severely wounded.
You feel very sick. The scorpion stings you.
You are more poisoned.
The scorpion poisons you! The worm bites you. The scorpion stings you.
You shoot a sling bullet.
The sling bullet closely misses the scorpion.
You feel very sick. The scorpion closely misses you. You furiously retaliate!
You headbutt the scorpion. You shoot a sling bullet.
The sling bullet closely misses the scorpion.
You die...

###........#...........##
.#..###.##...>...........
........###..............
#....#%..###.#.......#...
..........##.#.##........
..#.##.......#.##.#####..
....##.......#..#.#
.#####.#......#...# ...
.......#@.# ##.#
#..##.#.#ws# # .# #..
#.#...... # # ......#..
....... ... #........ .#
........## . .......#.#


You could see a worm and a scorpion.

Vanquished Creatures
  2 adders (D:3)
  2 worms
  A dart slug (D:3)
  3 bats (D:1)
  10 endoplasms
  4 goblins
  7 hobgoblins
  3 jackals (D:1)
  5 quokkas
  13 ball pythons
  2 frilled lizards (D:2)
  A kobold (D:2)
  7 rats
60 creatures vanquished.

Notes
Turn   | Place    | Note
-------+----------+-------------------------------------------
     0 | D:1      | qw the Minotaur Hexslinger began the quest for the Orb.
     0 | D:1      | Reached XP level 1. HP: 16/16 MP: 1/1
     0 | D:1      | 0 ||| qw: Version: 0.3-a-52-g30416fa
     0 | D:1      | 0 ||| qw: Game counter: 5401
     0 | D:1      | 0 ||| qw: Melee chars always use a shield: true
     0 | D:1      | 0 ||| qw: God list: Okawaru
     0 | D:1      | 0 ||| qw: Allow faded altars: false
     0 | D:1      | 0 ||| qw: Do Orc after clearing Dungeon:15 true
     0 | D:1      | 0 ||| qw: Do second Lair branch before Depths: true
     0 | D:1      | 0 ||| qw: Lair rune preference: random
     0 | D:1      | 0 ||| qw: Goals: Normal
     0 | D:1      | 0 ||| PLANNING D:1-11
    59 | D:1      | Reached skill level 3 in Ranged Weapons
    61 | D:1      | Reached XP level 2. HP: 19/23 MP: 2/2
   154 | D:1      | Found a faded altar of an unknown god.
   425 | D:1      | 425 ||| UPGRADING to +0 leather armour.
   435 | D:1      | 435 ||| DROPPING +0 robe.
   436 | D:1      | 436 ||| READING scroll labelled JAUTUB EFO USTRA.
   437 | D:1      | 437 ||| READING scroll labelled AFAULY PEFIGATT.
   438 | D:1      | 438 ||| READING scroll labelled MISUME LAITUC.
   439 | D:1      | 439 ||| DROPPING scroll of poison.
   458 | D:2      | Reached XP level 3. HP: 29/29 MP: 3/3
   795 | D:2      | Reached skill level 4 in Ranged Weapons
  1019 | D:2      | 1019 ||| READING scroll labelled HICKYI WYLUCOG.
  1020 | D:2      | 1020 ||| READING scroll labelled TAYFRA UHYU.
  1095 | D:3      | Identified the +4 kite shield of the Devouring Gods {Will+
                  | SInv}
  1186 | D:3      | Found a shimmering altar of Xom.
  1279 | D:3      | 1279 ||| DROPPING ring of wizardry.
  1280 | D:3      | 1280 ||| READING scroll labelled MIYTEU HYL NUU.
  1457 | D:3      | Reached XP level 4. HP: 22/36 MP: 4/4
  1861 | D:3      | 1861 ||| UPGRADING to amulet of regeneration.
  1946 | D:4      | Noticed a scorpion
  1954 | D:4      | HP: 6/36 [worm (5)]
  1955 | D:4      | HP: 2/36 [poisoned by a scorpion]
  1956 | D:4      | Succumbed to a scorpion's poison

Levels and vault maps discovered:
D:1:      shiori_shiawase, layout_basic, ebering_ecumenical_altar_sacrificial
D:2:      layout_loops_ring
D:3:      minmay_general_purpose_star, layout_loops_ring,
          nicolae_overflow_crystal_walls
D:4:      layout_rooms, minmay_misc_feat_encased

Skill      XL: |  1  2  3 |
---------------+----------+-----
Ranged Weapons | 3 4 |  4.9
Fighting       | 2 |  2.0
Dodging        | |  2.1
Spellcasting   | |  1.0
Hexes          | |  2.0

Action                     |  1- 3 |  4- 6 || total
---------------------------+-------+-------++-------
   Fire: Sling             |   150 |    40 ||   190
    Use: Scroll            |     6 |       ||     6
 Armour: Robe              |     6 |       ||     6
         Leather armour    |    10 |     4 ||    14
  Dodge: Dodged            |    66 |    10 ||    76

Table legend:
 A = Non-vault XP
 B = Vault XP
 C = Vault XP percentage of total XP
 D = Non-vault monster count
 E = Vault monster count
 F = Vault count percentage of total count
                 A         B        C        D         E       F
            +---------+---------+-------+---------+---------+-------
      Total |     112 |      18 |  13.8 |      56 |       4 |   6.7
            +---------+---------+-------+---------+---------+-------
        D:1 |      40 |       0 |   0.0 |      23 |       0 |   0.0
        D:2 |      34 |       0 |   0.0 |      20 |       0 |   0.0
        D:3 |      27 |      18 |  40.0 |       6 |       4 |  40.0
        D:4 |      11 |       0 |   0.0 |       7 |       0 |   0.0
            +---------+---------+-------+---------+---------+-------
